 Dungeon Crawl Stone Soup version 0.29-a0-837-g174bc33265 (webtiles) character file.

Game seed: 3273697907229025131

140 PentaManta the Slasher (level 5, -2/38 HPs)
             Began as a Merfolk Gladiator on July 13, 2022.
             Slain by a gnoll
             ... wielding a +0 spear
              (7 damage)
             ... on level 2 of the Dungeon.
             The game lasted 00:02:59 (2537 turns).

PentaManta the Slasher (Merfolk Gladiator)          Turns: 2537, Time: 00:03:00

Health: -2/38      AC:  7    Str: 15    XL:     5   Next: 22%
Magic:  5/5        EV: 12    Int:  7    God:
Gold:   127        SH:  0    Dex: 17    Spells: 4/4 levels left

rFire   . . .      SeeInvis .   a - +0 long sword
rCold   . . .      Faith    .   (no shield)
rNeg    + . .      Spirit   .   o - +1 ring mail {Will+}
rPois   .          Reflect  .   j - +0 helmet
rElec   .          Harm     .   (no cloak)
rCorr   .          Rampage  .   (no gloves)
Will    +....                   (no boots)
Stlth   +.........              (no amulet)
HPRegen 0.12/turn               f - ring of positive energy
MPRegen 0.09/turn               (no ring)

@: mighty
A: (nimble swimmer 2), mertail
a: no special abilities


You were on level 2 of the Dungeon.
You visited 1 branch of the dungeon, and saw 2 of its levels.

You collected 127 gold pieces.

Inventory:

Hand Weapons
 a - a +0 long sword (weapon)
 q - a +0 short sword
Missiles
 d - 3 throwing nets (quivered)
 e - a javelin
 h - 4 poisoned darts
Armour
 j - a +0 helmet (worn)
 o - a +1 ring mail of willpower (worn)
 s - a +2 robe of positive energy
Jewellery
 f - a ring of positive energy (left hand)
Scrolls
 k - a scroll of noise {unknown}
 l - a scroll of magic mapping {unknown}
 r - a scroll of blinking {unknown}
Potions
 b - 2 potions of mutation {unknown}
 c - 2 potions of curing {unknown}
 g - 2 potions of might
 i - a potion of invisibility {unknown}
 m - a potion of resistance {unknown}
 n - a potion of lignification {unknown}


   Skills:
 - Level 2.1 Fighting
 + Level 6.9 Long Blades
 - Level 2.0 Throwing
 - Level 4.1 Dodging


You had 4 spell levels left.
You didn't know any spells.
Your spell library contained the following spells:

 Spells                   Type           Power      Damage    Failure   Level
 Shock                    Conj/Air       0%         1d3       67%         1
 Swiftness                Air            0%         N/A       95%         3
 Airstrike                Air            0%         0-1+      100%        4


Dungeon Overview and Level Annotations

Branches:
Dungeon (2/15)

Altars:


Innate Abilities, Weirdness & Mutations

((You are very nimble when in or above water. (Stealth+, EV+, Speed+++)))
Your lower body shifts to a powerful aquatic tail in water.


Message History

The gnoll hits you but does no damage. The gnoll barely misses you.
You hit the gnoll.
The gnoll is moderately wounded.
The gnoll barely misses you. The gnoll completely misses you.
You slash the gnoll!
You kill the gnoll!
The gnoll hits you from afar with a +0 spear.
You hit the gnoll.
The gnoll is heavily wounded.
The gnoll hits you with a +0 spear.
You slash the gnoll!
You kill the gnoll!
A gnoll comes into view. It is wielding a +0 spear.
A gnoll comes into view. It is wielding a +0 flail.
The gnoll shouts!
You hear an angry hiss.
The gnoll drinks a potion.
The gnoll seems to grow stronger.
You hit the gnoll.
The gnoll is lightly wounded.
The gnoll hits you with a +0 spear.
You hit the gnoll.
The gnoll is moderately wounded.
The gnoll barely misses you.
You closely miss the gnoll.
The gnoll is moderately wounded.
The gnoll hits you with a +0 spear. x2
Unknown command.
You barely miss the gnoll.
The gnoll is moderately wounded.
Sorry, you're not good enough to have a special ability.
You feel very mighty all of a sudden. The gnoll misses you.
You barely miss the gnoll.
The gnoll is moderately wounded.
The gnoll hits you with a +0 flail!
* * * LOW HITPOINT WARNING * * *
The gnoll barely misses you.
You closely miss the gnoll.
The gnoll is moderately wounded.
The gnoll hits you but does no damage. The gnoll hits you with a +0 spear!
You die...

##♣..♣♣...♣... #..##........b.
##.♣♣♣♣.⌠.♣ ♣)♣#.##...........
##.#..♣...♣ ♣.#)##...........
##..♣♣♣.♣.♣# #...#..<.g.......
..#.♣..♣♣..♣##..##.#...K......
....♣.♣♣♣♣.♣.#.##..#.l........
..##♣.♣ ♣.♣.#.##K###.........
#.##.♣♣ ♣♣.♣...##g####.....#..
#.##.♣ ♣..♣....@g..####......
#....# ♣.♣♣#)....#..........
##.### #♣.♣##)...## ### ...
#.#####.♣.....#..#
#..##........###...#
##.........### ##(..
##.........# ### #.........#
####.........#


You could see 2 gnolls and a kobold.

Vanquished Creatures
  Jessica (D:1)
  5 gnolls (D:2)
  2 adders (D:2)
  3 bats
  8 endoplasms
  3 giant cockroaches (D:1)
  5 goblins
  A hobgoblin (D:1)
  3 jackals (D:1)
  2 kobolds (D:1)
  3 quokkas
  5 ball pythons (D:1)
  A frilled lizard (D:1)
  5 rats
47 creatures vanquished.

Notes
Turn   | Place    | Note
-------+----------+-------------------------------------------
     0 | D:1      | PentaManta the Merfolk Gladiator began the quest for the
                  | Orb.
     0 | D:1      | Reached XP level 1. HP: 16/16 MP: 1/1
   346 | D:1      | Reached skill level 4 in Long Blades
   352 | D:1      | Reached XP level 2. HP: 17/22 MP: 2/2
  1045 | D:1      | Reached XP level 3. HP: 16/27 MP: 3/3
  1186 | D:1      | Reached skill level 5 in Long Blades
  1838 | D:2      | Reached XP level 4. HP: 26/33 MP: 4/4
  1844 | D:2      | Reached skill level 6 in Long Blades
  1972 | D:2      | Found a faded altar of an unknown god.
  1986 | D:2      | Noticed Jessica
  2002 | D:1      | Killed Jessica
  2144 | D:2      | Reached XP level 5. HP: 16/38 MP: 5/5
  2537 | D:2      | Slain by a gnoll

Illustrated notes

Levels and vault maps discovered:
D:1:      dpeg_arrival_leaves_temple_mockup, layout_basic,
          dreamdust_mushroom_princess, st_stairs_4
D:2:      layout_rooms, shapermc_ecumenical_altar_totnotflames, uniq_jessica

Skill      XL: |  1  2  3  4 |
---------------+-------------+-----
Long Blades    | 4 5 6 |  6.9
Fighting       | |  2.1
Throwing       | |  2.0
Dodging        | |  4.1

Action                   |  1- 3 |  4- 6 || total
-------------------------+-------+-------++-------
Melee: Long sword        |    99 |    59 ||   158
  Use: Potion            |       |     1 ||     1
Armor: Leather armour    |    16 |       ||    16
       Ring mail         |    14 |    24 ||    38
Dodge: Dodged            |    59 |    46 ||   105

Table legend: (Time is in decaauts)
 A = Elapsed time spent in this place.
 B = Non-inter-level travel time spent in this place.
 C = Inter-level travel time spent in this place.
 D = Time resting spent in this place.
 E = Time spent auto-exploring this place.
 F = Levels seen in this place.
 G = Mean time per level.
                   A        B        C        D        E       F      G
               +--------+--------+--------+--------+--------+-----+--------+
         Total |   2558 |   2351 |    207 |    178 |   1761 |   2 | 1279.0 |
       Dungeon |   2558 |   2351 |    207 |    178 |   1761 |   2 | 1279.0 |
               +--------+--------+--------+--------+--------+-----+--------+

Top non-repeatable levels by time:
     D:1: 1956 daAuts
     D:2: 601 daAuts
